AoeStats
← JoshB

Arabian Desert

509938035Analyzed
1v1 RM · 2d ago on Sep 28, 2026· 66m 17s· 2 players
Game mode
Random Map
Map size
Tiny (2 player)
Population
200
Speed
Normal
Resources
Standard
Victory
Conquest
Starting age
Dark Age
Ending age
Imperial Age
RankedLock teamsTeams togetherTeam positionsShared explorationLock speedFull tech treeHidden civsTurbo modeCheats
Victory
Defeat
🇬🇧 Cumans · United Kingdom
478
+11
🇳🇱 Lithuanians · Netherlands
363
-11
`Indigo|HvZ
7:14 Loom
9:29 Feudal Age
9:54 Double-Bit Axe
9:52 Horse Collar
19:18 Castle Age
17:34 Stone Mining
22:46 Bow Saw
22:40 Heavy Plow
30:14 Herbal Medicine
31:54 Forging
38:42 Fletching
40:11 Murder Holes
40:39 Ballistics
52:17 Imperial Age
51:34 Sanctity
54:21 Chemistry
57:39 Masonry
57:10 Treadmill Crane
58:50 Two-Man Saw
65:25 Bodkin Arrow
JoshB
5:02 Loom
10:20 Feudal Age
12:13 Horse Collar
19:40 Wheelbarrow
24:03 Castle Age
22:16 Double-Bit Axe
22:35 Gold Mining
23:03 Stone Mining
27:43 Hand Cart
27:47 Bow Saw
29:22 Gold Shaft Mining
40:35 Imperial Age
39:58 Bloodlines
45:43 Elite Steppe Lancer
46:35 Scale Barding Armor
46:41 Forging
47:38 Cavalier
60:09 Cuman Mercenaries
Connection lost

Rejoining the realm…

Still unreachable

The connection could not be restored.

Session expired

The server has moved on; the page needs a fresh start.